cohdb
Replays
Latest Replays
All Replays
Popular Replays
Top Player Replays
Match Explorer
How It Works
Community
CoH3 Stats
Reddit
Sign in to upload your games and track your stats! →
Sign in with Steam
Match 27812151
Unlisted
Match 27812151
Overview
Messages
Build Orders
End
Kradschützen Motorcycle Team
Selects Italian Infantry
Panzergrenadier Squad
250 Light Carrier
Construct Light Support Kompanie
Combat Half-tracks
2.5-tonne Medical Truck
Panzerjäger Squad
Selects Defensive Operations
Fire Support Elements
Flakvierling Half-track
Tungsten Core Ammunition
Construct Mechanized Kompanie
Selects Guastatori Squad
Selects Registered Artillery
Support Armor Elements
254 Reconnaissance Tractor
Registered Artillery
StuG III D Assault Gun
Registered Artillery
Construct Panzerarmee Kommand
Emergency Repair Kits
Rapid Advance
Registered Artillery
Selects Territory Booby Traps
Registered Artillery
Panzer III L Medium Tank
Selects Obice 305mm Barrage
Selects Obice 305mm Barrage
Armored Reserves
Panzerjäger Squad
Obice 305mm Barrage
Registered Artillery
Registered Artillery
Panzer IV Assault Group
Registered Artillery
Obice 305mm Barrage
Panzer III L Medium Tank
Obice 305mm Barrage
Panzer III L Medium Tank
Registered Artillery
Flak 36 Anti-tank Gun Team
Pak 38 Anti-tank Gun Team
Panzerjäger Squad
Registered Artillery
seashadow316
fordzhang123
Ravenshield
nwsemail
notolerance
BuCheonFrog
iAinEng
WatchDutch MD
0
0
Comments
sign in to comment!
No comments posted yet!